 Dungeon Crawl Stone Soup version 0.28.0-47-ge53b351184 (webtiles) character file.

Game seed: 2211976969714392567

406 CryoSword the Ruffian (level 6, -2/59 HPs)
             Began as a Troll Fighter on May 9, 2022.
             Shot with a stone by a goblin (6 damage)
             ... on level 4 of the Dungeon.
             The game lasted 00:04:37 (2209 turns).

CryoSword the Ruffian (Troll Fighter)               Turns: 2209, Time: 00:04:38

Health: -2/59      AC:  4    Str: 25    XL:     6   Next: 56%
Magic:  5/5        EV:  8    Int:  6    God:
Gold:   137        SH:  7    Dex:  9    Spells: 5/5 levels left

rFire   . . .      SeeInvis .     - Unarmed
rCold   . . .      Faith    .   b - +0 kite shield
rNeg    . . .      Spirit   .   a - +0 robe
rPois   .          Reflect  .   (helmet restricted)
rElec   .          Harm     .   (no cloak)
rCorr   .          Rampage  .   (gloves unavailable)
Will    .....                   (boots unavailable)
Stlth   +.........              (no amulet)
HPRegen 0.99/turn               (no ring)
MPRegen 0.09/turn               (no ring)

@: no status effects
A: large, unfitting armour, claws 3, regeneration 1, shaggy fur 1, tough skin 1
a: no special abilities


You were on level 4 of the Dungeon.
You visited 2 branches of the dungeon, and saw 5 of its levels.

You collected 137 gold pieces.

Inventory:

Missiles
 d - 5 javelins
 l - 7 poisoned darts (quivered)
Armour
 a - a +0 robe (worn)
 b - a +0 kite shield (worn)
Scrolls
 e - a scroll of vulnerability {unknown}
 h - a scroll of noise {unknown}
 i - a scroll of holy word
 k - a scroll of acquirement {unknown}
 m - a scroll of teleportation {unknown}
 n - a scroll of immolation {unknown}
 p - a scroll of identify {@r1}
Potions
 c - a potion of might
 f - 2 potions of resistance {unknown}
 g - a potion of flight
 j - 2 potions of attraction {!q}
 o - a potion of cancellation {unknown}
 q - a potion of curing {unknown}


   Skills:
 - Level 2.4 Fighting
 - Level 2.4 Dodging
 + Level 4.0 Shields
 * Level 5.9 Unarmed Combat


You had 5 spell levels left.
You didn't know any spells.
Your spell library contained the following spells:

 Spells                   Type           Power      Damage    Failure   Level
 Ozocubu's Armour         Ice            0%         N/A       98%         3
 Conjure Ball Lightning   Conj/Air       0%         3x3d6     100%        6
 Ozocubu's Refrigeration  Ice            0%         4d5       100%        7
 Discord                  Hex            0%         N/A       100%        8
 Disjunction              Tloc           0%         N/A       100%        8


Dungeon Overview and Level Annotations

Branches:
Dungeon (4/15)             Temple (1/1) D:4

Altars:
Cheibriados
Elyvilon
Hepliaklqana
Kikubaaqudgha
Makhleb
Okawaru
Qazlal
Vehumet
Wu Jian
Xom
Zin


Innate Abilities, Weirdness & Mutations

You are too large for most types of armour.
You have claws for hands.
Your natural rate of healing is unusually fast.
You are covered in fur. (AC +1)
You have tough skin. (AC +1)


Message History

The centaur shouts!
The ball python hisses angrily.
Found a scale mail and 8 gold pieces.
Found an escape hatch in the ceiling.
Found a stone staircase leading up and a staircase to the Ecumenical Temple.
There is a stone staircase leading up here.
The centaur wields a +0 shortbow.
The centaur shoots an arrow.
The arrow hits you!
You climb upwards.
There is a stone staircase leading down here.
A stone staircase leading down.
There is a stone staircase leading up here.
There is a stone staircase leading down here.
You climb downwards.
Found 6 poisoned darts, a leather armour, 20 gold pieces and a brown potion.
There is a stone staircase leading up here.
Found a book of Callings.
Found an escape hatch in the floor.
Edmund the Younger comes into view.
He is wielding a +0 dire flail of draining.
The centaur shoots an arrow.
You block the arrow.
A goblin comes into view. It is wielding a +0 dagger.
The centaur shoots an arrow.
The arrow hits you!
The goblin shouts!
The centaur shoots an arrow.
The arrow hits you!
* * * LOW HITPOINT WARNING * * *
The centaur shoots an arrow.
You block the arrow.
There is a staircase to the Ecumenical Temple, spattered with blood here.
You can't go up here!
The centaur shoots an arrow.
You block the arrow.
Edmund hits you with a +0 dire flail of draining.
* * * LOW HITPOINT WARNING * * *
You feel drained.
* * * LOW HITPOINT WARNING * * *
The phantom barely misses you.
You climb downwards.
Welcome to the Ecumenical Temple!
Found a white marble altar of Elyvilon.
There is a staircase back to the Dungeon here.
The phantom hits you!
* * * LOW HITPOINT WARNING * * *
The phantom blinks!
You blink.
Found a snail-covered altar of Cheibriados and a radiant altar of Vehumet.
Found an iron altar of Okawaru.
Found an ornate altar of the Wu Jian Council and a burning altar of Makhleb.
You feel very mighty all of a sudden. The phantom closely misses you.
You claw the phantom! The phantom hits you!
* * * LOW HITPOINT WARNING * * *
The phantom blinks!
You blink.
The phantom hits you but does no damage.
You barely miss the phantom.
The phantom hits you but does no damage.
You closely miss the phantom. The phantom hits you.
* * * LOW HITPOINT WARNING * * *
The phantom hits you.
* * * LOW HITPOINT WARNING * * *
Edmund says, "Everyone always remembers my brother. 'Who's Edmund?' they ask!"
Edmund hits you with a +0 dire flail of draining.
* * * LOW HITPOINT WARNING * * *
You feel drained.
Found a stormy altar of Qazlal.
Edmund asks, "Have you met my wondrous brother?"
Edmund says, "A flail is better than a scythe, any day of the week!"
You feel a little less mighty now.
Found an ancient bone altar of Kikubaaqudgha.
Edmund clears his throat.
Found a glowing silver altar of Zin.
You feel very mighty all of a sudden.
You barely miss Edmund. Edmund barely misses you.
You scratch Edmund but do no damage.
Edmund hits you with a +0 dire flail of draining.
You feel drained.
You barely miss the phantom. The phantom barely misses you.
You block Edmund's attack.
You mangle the phantom!! The phantom hits you!
You claw the phantom!
You destroy the phantom!
Your life force feels restored.
You have reached level 6!
You feel stronger.
You closely miss Edmund.
Edmund hits you with a +0 dire flail of draining!
You feel drained.
You claw Edmund!
Edmund hits you with a +0 dire flail of draining.
You feel drained.
You claw Edmund!
Edmund hits you with a +0 dire flail of draining!
You feel drained.
You claw Edmund! You block Edmund's attack.
You mangle Edmund!!
You kill Edmund!
Your life force feels restored.
Your Shields skill increases to level 4!
Things that are here:
a +0 dire flail of draining; a +0 chain mail
Found a hazy altar of Hepliaklqana.
You start resting.
There is a fountain of clear blue water here.
There is a glowing silver altar of Zin here.
Things that are here:
a +0 dire flail of draining; a +0 chain mail You feel a little less mighty now.
Done exploring.
Done exploring.
Done exploring.
There is an iron altar of Okawaru here.
There is a staircase back to the Dungeon here.
You climb upwards.
Welcome back to the Dungeon!
The centaur shoots an arrow.
The arrow hits you!
The centaur shoots an arrow.
The arrow hits you.
There is a staircase to the Ecumenical Temple, spattered with blood here.
The centaur shoots an arrow.
The arrow closely misses you.
The goblin unwields a +0 dagger.
The goblin wields a +1 hunting sling of freezing.
It is covered in frost.
The goblin shoots a stone.
The stone hits you. The stone freezes you.
The ball python bites you but does no damage.
The centaur shoots an arrow.
You block the arrow.
The goblin shoots a stone.
The stone closely misses you. The ball python bites you.
The centaur shoots an arrow.
The arrow hits you!
The goblin shoots a stone.
The stone hits you. The stone freezes you.
* * * LOW HITPOINT WARNING * * *
The centaur shoots an arrow.
The arrow hits you!
* * * LOW HITPOINT WARNING * * *
The centaur unwields a +0 shortbow.
You block the centaur's attack. The centaur kicks you.
* * * LOW HITPOINT WARNING * * *
The goblin shoots a stone.
The stone hits you but does no damage.
You claw the centaur! The centaur hits you.
* * * LOW HITPOINT WARNING * * *
You block the centaur's attack.
The ball python bites you but does no damage.
The goblin shoots a stone.
The stone hits you but does no damage. The centaur hits you.
* * * LOW HITPOINT WARNING * * *
The centaur kicks you but does no damage.
You scratch the centaur. The ball python closely misses you.
The centaur barely misses you. The centaur completely misses you.
The goblin shoots a stone.
The stone hits you.
* * * LOW HITPOINT WARNING * * *
The stone freezes you.
* * * LOW HITPOINT WARNING * * *
You barely miss the centaur. You block the centaur's attack. x2
The ball python bites you but does no damage.
The goblin shoots a stone.
The stone closely misses you. You block the centaur's attack.
The centaur barely misses you. The ball python closely misses you.
You claw the centaur! The centaur hits you.
* * * LOW HITPOINT WARNING * * *
You block the centaur's attack.
The goblin shoots a stone.
The stone hits you.
You die...

. ## ##.....
##....##.###......
#.......[..<...$#
..........#....###.
...................
........#..........
...........<......<
#....c#.#...##.....
#.....@S...........
#....#...#.........
....#.......#.......
..#.....>.....#....##
....#.......#.......#
#....#...#...#....#
.....g......##..>#
#.#...#.#$...#..###
............##....#


You could see a centaur, a goblin and a ball python.

Vanquished Creatures
  Edmund (Temple)
  A black bear (D:3)
  A phantom (Temple)
  An orc wizard (D:3)
  4 adders
  A worm (D:3)
  2 dart slugs
  6 orcs (D:3)
  3 endoplasms
  2 giant cockroaches
  7 goblins
  8 hobgoblins
  2 jackals (D:1)
  3 quokkas
  6 ball pythons
  5 bats
  2 frilled lizards
  5 kobolds
  4 rats
64 creatures vanquished.

Notes
Turn   | Place    | Note
-------+----------+-------------------------------------------
     0 | D:1      | CryoSword the Troll Fighter began the quest for the Orb.
     0 | D:1      | Reached XP level 1. HP: 22/22 MP: 0/0
   112 | D:1      | Found a faded altar of an unknown god.
   177 | D:1      | Reached XP level 2. HP: 29/29 MP: 1/1
   465 | D:1      | Reached skill level 3 in Unarmed Combat
   543 | D:2      | Reached XP level 3. HP: 8/36 MP: 2/2
   889 | D:2      | Found a shimmering altar of Xom.
  1002 | D:2      | Reached XP level 4. HP: 39/44 MP: 3/3
  1484 | D:3      | Noticed a black bear
  1582 | D:3      | Killed a black bear
  1583 | D:3      | Reached skill level 4 in Unarmed Combat
  1583 | D:3      | Reached XP level 5. HP: 42/50 MP: 4/4
  1710 | D:3      | Reached skill level 5 in Unarmed Combat
  2030 | D:4      | Noticed a centaur
  2030 | D:4      | Found a staircase to the Ecumenical Temple.
  2037 | D:4      | Noticed a phantom
  2042 | D:4      | Noticed Edmund
  2051 | Temple   | Entered the Ecumenical Temple
  2134 | Temple   | Killed a phantom
  2135 | Temple   | Reached XP level 6. HP: 49/59 MP: 5/5
  2139 | Temple   | Killed Edmund
  2209 | D:4      | Shot with a stone by a goblin

Illustrated notes

Levels and vault maps discovered:
D:1:      psy_arrival_conway, layout_basic, shapermc_ecumenical_altar_ellora
D:2:      layout_basic, basic_altar, chequers_serial_rivers_micro_c,
          st_stairs_2, serial_bayou_ford_a
D:3:      layout_rooms
D:4:      layout_cave_pools, nicolae_uskayaw_en_pointe,
          minmay_temple_entry_sparse_star, gammafunk_ghost_cemetery,
          serial_bayou_pond_a, uniq_menkaure, uniq_robin, uniq_blork_the_orc,
          uniq_edmund
Temple:   eino_wide_crystal_templ

Skill      XL: |  1  2  3  4  5  6 |
---------------+-------------------+-----
Unarmed Combat | 3 4 5 |  5.9
Shields        | 3 4 |  4.0
Fighting       | |  2.4
Dodging        | |  2.4

Action                   |  1- 3 |  4- 6 || total
-------------------------+-------+-------++-------
Melee: Unarmed           |   109 |    82 ||   191
Throw: Dart              |       |     3 ||     3
  Use: Scroll            |       |     4 ||     4
       Potion            |       |     2 ||     2
Armor: Robe              |    34 |    21 ||    55
Dodge: Dodged            |    38 |    26 ||    64
Block: Kite shield       |    36 |    37 ||    73
